 Dungeon Crawl Stone Soup version 0.30-a0-269-gf0224bf7b6 (webtiles) character file.

Game seed: 5072482152326445452

518 bande the Chopper (level 7, -2/43 HPs)
             Began as a Gargoyle Fighter on Oct 14, 2022.
             Slain by an ogre
             ... wielding a +0 giant club
              (4 damage)
             ... on level 5 of the Dungeon.
             The game lasted 00:07:15 (3481 turns).

bande the Chopper (Gargoyle Fighter)                Turns: 3481, Time: 00:07:16

Health: -2/43      AC: 19    Str: 20    XL:     7   Next: 21%
Magic:  7/7        EV:  5    Int:  8    God:
Gold:   87         SH:  4    Dex: 11    Spells: 6/6 levels left

rFire   . . .      SeeInvis .    a - +1 war axe
rCold   . . .      Faith    .    c - +0 buckler
rNeg    + . .      Spirit   .    p - +0 plate armour
rPois   ∞          Reflect  .    v - +1 helmet
rElec   +          Harm     .    (no cloak)
rCorr   .          Rampage  .    (no gloves)
Will    ++...                    (no boots)
Stlth   ..........               (no amulet)
HPRegen 0.27/turn                u - ring of willpower
MPRegen 0.10/turn                t - ring of willpower

@: no status effects
A: sickness immunity, AC +4, negative energy resistance 1, electricity
resistance, torment resistance 1, petrification resistance
a: no special abilities


You were on level 5 of the Dungeon.
You visited 1 branch of the dungeon, and saw 5 of its levels.

You collected 197 gold pieces.
You spent 110 gold pieces at shops.

Inventory:

Hand Weapons
 a - a +1 war axe (weapon)
 h - a +0 morningstar
Armour
 c - a +0 buckler (worn)
 p - a +0 plate armour (worn)
 v - a +1 helmet (worn)
Jewellery
 e - a ring of protection from fire
 s - a ring of ice
 t - a ring of willpower (right hand)
 u - a ring of willpower (left hand)
Wands
 x - a wand of flame (7)
Scrolls
 l - 2 scrolls of silence
 m - 2 scrolls of teleportation
 n - a scroll of enchant weapon
Potions
 b - 2 potions of attraction {unknown}
 d - a potion of might
 f - a potion of berserk rage {unknown}
 g - 3 potions of curing
 i - 2 potions of brilliance {unknown}
 j - a potion of degeneration {unknown}
 k - 2 potions of ambrosia
 o - 4 potions of heal wounds
 q - 2 potions of mutation {unknown}
 r - 2 potions of magic {unknown}
 w - a potion of haste {unknown}


   Skills:
 + Level 4.2 Fighting
 + Level 5.3 Axes
 + Level 4.9 Armour
 + Level 0.1 Stealth
 + Level 4.1 Shields


You had 6 spell levels left.
You didn't know any spells.
Your spell library contained the following spells:

 Spells                   Type           Power      Damage    Failure   Level
 Apportation              Tloc           0%         N/A       100%        1
 Inner Flame              Hex/Fire       0%         N/A       100%        3
 Cause Fear               Hex            0%         N/A       100%        4
 Olgreb's Toxic Radiance  Pois           0%         N/A       100%        4
 Alistair's Intoxication  Tmut/Pois      0%         N/A       100%        5
 Ozocubu's Refrigeration  Ice            0%         4d7       100%        7
 Discord                  Hex            0%         N/A       100%        8
 Ignition                 Fire           0%         3d3       100%        8


Dungeon Overview and Level Annotations

Branches:
Dungeon (5/15)
 Temple: D:4-7

Altars:
Elyvilon
Vehumet

Shops:
D:2 *   D:4 !


Innate Abilities, Weirdness & Mutations

You are immune to sickness and miasma.
Your stone body is resilient. (AC +4)
You are immune to poison.
You resist negative energy. (rN+)
You are resistant to electric shocks. (rElec)
You are resistant to unholy torment.
You are immune to petrification.


Message History

There is an open door here.
You pick up a book of Hexes and begin reading...
You add the spells Inner Flame, Cause Fear and Discord to your library.
Found a stone staircase leading up.
You now have 82 gold pieces (gained 10).
You now have 87 gold pieces (gained 5).
Found 3 atropa-tipped darts.
No target in view!
i - 2 fizzy green potions (gained 1)
An orc comes into view. It is wielding a +0 club.
An orc is nearby!
An ogre comes into view. It is wielding a +0 giant club.
The ogre shouts!
The orc hits you with a +0 club.
You slash the orc!
You kill the orc!
The ogre hits you with a +0 giant club!
You hit the ogre.
The ogre is lightly wounded.
The ogre hits you with a +0 giant club!
You are too injured to fight recklessly!
You are too injured to fight recklessly!
You are too injured to fight recklessly!
You are too injured to fight recklessly!
You are too injured to fight recklessly!
You are too injured to fight recklessly!
You are too injured to fight recklessly!
You are too injured to fight recklessly!
You are too injured to fight recklessly!
You barely miss the ogre.
The ogre is lightly wounded.
The ogre hits you with a +0 giant club!
* * * LOW HITPOINT WARNING * * *
Unknown command.
You barely miss the ogre.
The ogre is lightly wounded.
You slash the ogre!
The ogre is moderately wounded.
The ogre hits you with a +0 giant club.
You die...

#.........<...........
#......................
##.#....................
...#....................
#.......................
##......................
#.......................
#......(................
......O@................
......)...$.............
.##....................#
#......................#
....#..................
.#####............
............
#...........


You could see an ogre.

Vanquished Creatures
  Duvessa (D:5)
  Blork the orc (D:4)
  A scorpion (D:4)
  Dowan (D:5)
  3 orc wizards
  Ijyb (D:4)
  A gnoll (D:1)
  2 adders
  6 worms
  3 dart slugs
  8 orcs
  6 ball pythons
  8 endoplasms
  6 giant cockroaches
  8 goblins
  6 hobgoblins
  2 quokkas (D:3)
  9 bats
  7 frilled lizards
  4 kobolds
  3 rats
87 creatures vanquished.

Notes
Turn   | Place    | Note
-------+----------+-------------------------------------------
     0 | D:1      | bande the Gargoyle Fighter began the quest for the Orb.
     0 | D:1      | Reached XP level 1. HP: 14/14 MP: 1/1
    74 | D:1      | Reached XP level 2. HP: 18/19 MP: 2/2
   316 | D:1      | Reached skill level 2 in Axes
   376 | D:1      | Reached XP level 3. HP: 23/23 MP: 3/3
  1108 | D:2      | Reached XP level 4. HP: 29/29 MP: 4/4
  1643 | D:2      | Found Fuwassaa's General Store.
  1723 | D:3      | Reached skill level 3 in Axes
  1969 | D:3      | Reached XP level 5. HP: 33/33 MP: 5/5
  2181 | D:4      | Noticed Blork the orc
  2189 | D:4      | Killed Blork the orc
  2242 | D:4      | Reached skill level 4 in Axes
  2242 | D:4      | Reached XP level 6. HP: 24/38 MP: 6/6
  2602 | D:4      | Noticed Ijyb
  2609 | D:4      | Killed Ijyb
  2785 | D:4      | Found Utzarah's Distillery.
  2794 | D:4      | Bought 2 potions of heal wounds for 110 gold pieces
  2906 | D:5      | Entered Level 5 of the Dungeon
  2924 | D:5      | Noticed Dowan
  2925 | D:5      | Noticed Duvessa
  2939 | D:5      | Killed Dowan
  2940 | D:5      | Reached skill level 5 in Axes
  2942 | D:5      | Killed Duvessa
  2943 | D:5      | Reached XP level 7. HP: 19/43 MP: 7/7
  3411 | D:5      | Found a white marble altar of Elyvilon.
  3412 | D:5      | Found a radiant altar of Vehumet.
  3479 | D:5      | HP: 1/43 [ogre/+0 giant club (13)]
  3481 | D:5      | Slain by an ogre

Illustrated notes

Levels and vault maps discovered:
D:1:      spicycebolla_green_bress_n_ham_2, layout_basic, grunt_decor_arrowhead,
          dk_noncrumbling_2
D:2:      layout_loops_ring, serial_shops, shop_statue
D:3:      layout_basic
D:4:      layout_basic, serial_shops, nicolae_lakefront_shop,
          chequers_serial_rivers_micro_b, uniq_ijyb, uniq_blork_the_orc
D:5:      layout_layer_cave, gammafunk_temple_overflow_pools, uniq_duvessa

Skill      XL: |  1  2  3  4  5  6 |
---------------+-------------------+-----
Axes           | 2 3 4 5 |  5.3
Armour         | 4 |  4.9
Fighting       | 4 |  4.2
Shields        | 4 |  4.1
Stealth        | |  0.1

Action                   |  1- 3 |  4- 6 |  7- 9 || total
-------------------------+-------+-------+-------++-------
Melee: War axe           |    88 |   178 |    30 ||   296
  Use: Scroll            |       |    10 |       ||    10
       Potion            |       |     2 |       ||     2
Armor: Scale mail        |    42 |       |       ||    42
       Chain mail        |    19 |     9 |       ||    28
       Plate armour      |       |   137 |    19 ||   156
Dodge: Dodged            |    40 |    33 |     3 ||    76
Block: Buckler           |    20 |    45 |     1 ||    66

Table legend: (Time is in decaauts)
 A = Elapsed time spent in this place.
 B = Non-inter-level travel time spent in this place.
 C = Inter-level travel time spent in this place.
 D = Time resting spent in this place.
 E = Time spent auto-exploring this place.
 F = Levels seen in this place.
 G = Mean time per level.
                   A        B        C        D        E       F      G
               +--------+--------+--------+--------+--------+-----+--------+
         Total |   3592 |   3575 |     17 |    736 |   1978 |   5 |  718.4 |
       Dungeon |   3592 |   3575 |     17 |    736 |   1978 |   5 |  718.4 |
               +--------+--------+--------+--------+--------+-----+--------+

Top non-repeatable levels by time:
     D:2: 946 daAuts
     D:1: 799 daAuts
     D:4: 746 daAuts
     D:5: 586 daAuts
     D:3: 514 daAuts
